 Dungeon Crawl Stone Soup version 0.30-a0-857-gcaf70739d4 (webtiles) character file.

Game seed: 12894116818682336052

2326 greenreed the Basher (level 9, -2/79 HPs)
             Began as a Minotaur Fighter on Mar 5, 2023.
             Was a Believer of Makhleb.
             Killed from afar by an electric eel (6 damage)
             ... with a bolt of electricity
             ... on level 8 of the Dungeon.
             The game lasted 00:11:58 (6929 turns).

greenreed the Basher (Minotaur Fighter)             Turns: 6929, Time: 00:11:58

Health: -2/79      AC: 10    Str: 26    XL:     9   Next: 19%
Magic:  10/10      EV: 11    Int:  5    God:    Makhleb [**....]
Gold:   554        SH:  5    Dex: 15    Spells: 8/8 levels left

rFire   + . .      SeeInvis .    a - +0 flail
rCold   . . .      Faith    .    c - +0 buckler
rNeg    . . .      Spirit   .    b - +0 scale mail
rPois   .          Reflect  .    (helmet restricted)
rElec   .          Rampage  .    L - +0 cloak
rCorr   .                        (no gloves)
Will    .....                    x - +0 pair of boots Stlth
                                 D - amulet of regeneration
HPRegen 1.13/turn                o - ring of protection from fire
MPRegen 0.12/turn                y - +6 ring of dexterity

@: very slow
A: horns 2, retaliatory headbutt
a: Renounce Religion, Minor Destruction


You were on level 8 of the Dungeon.
You worshipped Makhleb.
Makhleb was pleased with you.
You visited 2 branches of the dungeon, and saw 9 of its levels.

You collected 554 gold pieces.

Inventory:

Hand Weapons
 a - a +0 flail (weapon)
Missiles
 q - 14 poisoned darts (quivered)
 u - 2 throwing nets
 B - 11 atropa-tipped darts
 F - a curare-tipped dart
Armour
 b - a +0 scale mail (worn)
 c - a +0 buckler (worn)
 x - a +0 pair of boots (worn)
 L - a +0 cloak (worn)
Jewellery
 o - a ring of protection from fire (left hand)
 y - a +6 ring of dexterity (right hand)
 D - an amulet of regeneration (around neck)
 H - an amulet of magic regeneration
Wands
 G - a wand of flame (12)
 I - a wand of polymorph (24)
Scrolls
 g - 4 scrolls of identify {unknown}
 l - 2 scrolls of fear {unknown}
 m - a scroll of blinking {unknown}
 n - 2 scrolls of noise {unknown}
 p - 2 scrolls of vulnerability {unknown}
 t - 2 scrolls of poison {unknown}
 v - 2 scrolls of enchant weapon {unknown}
 w - a scroll of torment {unknown}
 A - 2 scrolls of teleportation {unknown}
 C - a scroll of brand weapon {unknown}
 E - 2 scrolls of magic mapping {unknown}
 J - a scroll of silence {unknown}
 K - 3 scrolls of amnesia {unknown}
 O - 2 scrolls of butterflies {unknown}
 Q - a scroll of fog {unknown}
Potions
 d - 4 potions of might
 e - a potion of flight {unknown}
 f - 3 potions of heal wounds {unknown}
 h - a potion of invisibility {unknown}
 i - 3 potions of mutation {unknown}
 j - 3 potions of brilliance {unknown}
 k - a potion of attraction {unknown}
 r - 2 potions of resistance {unknown}
 s - a potion of cancellation {unknown}
 z - 3 potions of curing {unknown}
 M - a potion of haste {unknown}
 N - a potion of lignification {unknown}
 P - a potion of magic {unknown}
 R - a potion of berserk rage {unknown}


   Skills:
 * Level 7.1 Fighting
 * Level 10.1 Maces & Flails
 - Level 0.6 Throwing
 + Level 7.0 Armour
 + Level 3.0 Dodging
 + Level 0.7 Stealth
 + Level 4.7 Shields
 * Level 3.5 Invocations


You had 8 spell levels left.
You didn't know any spells.
Your spell library contained the following spells:

 Spells                   Type           Power      Damage    Failure   Level
 Magic Dart               Conj           0%         1d3       82%         1
 Call Imp                 Summ           0%         N/A       91%         2
 Mephitic Cloud           Conj/Pois/Air  0%         N/A       99%         3


Dungeon Overview and Level Annotations

Branches:
Dungeon (8/15)             Temple (1/1) D:4
   Lair: D:8-11

Altars:
Dithmenos
Elyvilon
Fedhas
Gozag
Hepliaklqana
Kikubaaqudgha
Makhleb
Nemelex Xobeh
Okawaru
Qazlal
Ru
Sif Muna
Trog
Uskayaw
Vehumet
Wu Jian
Xom
Yredelemnul
Zin
The Shining One

Annotations:
D:8 3 runed translucent doors, Dittersdorf's ghost, novice GrFi


Innate Abilities, Weirdness & Mutations

You have a pair of horns on your head.
You reflexively headbutt those who attack you in melee.


Message History

You feel better.
R - a yellow potion
Items here: ( ))) [.
You now have 548 gold pieces (gained 20).
Things that are here:
a +0 club; a +0 ring mail
I - a wand of polymorph (24) (gained 13 charges)
You now have 554 gold pieces (gained 6).
Found a dagger.
You enter the shallow water.
Moving in this stuff is going to be slow.
An electric eel comes into view.
An electric eel comes into view.
The electric eel shoots out a bolt of lightning at you!
The bolt of electricity hits you!
An electric eel comes into view.
The electric eel shoots out a bolt of lightning at you!
The bolt of electricity hits you!
The electric eel shoots out a bolt of lightning at you!
The bolt of electricity hits you!
The electric eel shoots out a bolt of lightning at you!
The bolt of electricity hits you!
The electric eel shoots out a bolt of lightning at you!
The bolt of electricity hits you!
The electric eel shoots out a bolt of lightning at you!
The bolt of electricity hits you!
* * * LOW HITPOINT WARNING * * *
You are too injured to fight recklessly!
The electric eel shoots out a bolt of lightning at you!
The bolt of electricity hits you.
* * * LOW HITPOINT WARNING * * *
The electric eel shoots out a bolt of lightning at you!
The bolt of electricity hits you.
* * * LOW HITPOINT WARNING * * *
The electric eel shoots out a bolt of lightning at you!
The bolt of electricity hits you!
* * * LOW HITPOINT WARNING * * *
The electric eel shoots out a bolt of lightning at you!
The bolt of electricity hits you.
You die...

)..♣#.##........#
...P#.........###
.W.##....######
++##.....######
..........##..#######
..........##..#.....##
.)..............~♣♣..#
)...##........#♣~~~♣
..#..#..#....#♣~@~P♣
..#.....#.....♣P~♣~~~♣
...#.........♣~~~~P~~♣
#..##.......~~P♣~~~~P~~#
...###......~♣~S~~P~P~~♣
#..##.....#~~~~~~S~~~~♣~
.........##P~♣~♣S≈~P~~~P
..........#♣♣ ~≈≈≈≈≈~~♣P
.......... P≈≈≈≈≈≈≈P♣


You could see 3 electric eels.

Vanquished Creatures
  Prince Ribbit (D:7)
  A water moccasin (D:6)
  Duvessa (D:6)
  A sky beast (D:7)
  2 black bears
  An orc warrior (D:8)
  2 ogres
  A centaur (D:8)
  2 phantoms
  A bullfrog (D:6)
  A kobold brigand (D:5)
  2 scorpions
  3 wights (D:5)
  Dowan (D:6)
  A killer bee (D:8)
  A howler monkey (D:6)
  A jelly (D:7)
  4 orc priests
  2 hounds (D:6)
  2 sleepcaps
  3 iguanas
  4 orc wizards
  3 adders
  8 gnolls
  A shadow imp (D:5)
  3 white imps
  A worm (D:3)
  2 dart slugs
  26 orcs
  4 endoplasms
  3 giant cockroaches
  5 hobgoblins
  3 jackals (D:1)
  11 kobolds
  A quokka (D:3)
  4 ball pythons
  5 bats
  3 frilled lizards
  7 goblins
  2 rats
130 creatures vanquished.

Vanquished Creatures (others)
  10 plants (D:8)
10 creatures vanquished.

Grand Total: 140 creatures vanquished

Notes
Turn   | Place    | Note
-------+----------+-------------------------------------------
     0 | D:1      | greenreed the Minotaur Fighter began the quest for the Orb.
     0 | D:1      | Reached XP level 1. HP: 19/19 MP: 0/0
   150 | D:1      | Reached XP level 2. HP: 18/27 MP: 1/1
   998 | D:2      | You fall into a shaft and drop 2 floors!
  1047 | D:4      | Found an iron altar of Okawaru.
  1223 | D:4      | Reached skill level 3 in Maces & Flails
  1244 | D:3      | Reached XP level 3. HP: 33/33 MP: 2/2
  2106 | D:4      | Reached XP level 4. HP: 37/41 MP: 3/3
  2149 | D:4      | Reached skill level 4 in Maces & Flails
  2823 | D:4      | Reached XP level 5. HP: 12/47 MP: 4/4
  3040 | D:4      | Found a staircase to the Ecumenical Temple.
  3059 | D:4      | Noticed a phantom
  3070 | D:4      | Killed a phantom
  3071 | D:4      | Reached skill level 5 in Maces & Flails
  3071 | D:4      | Reached skill level 1 in Dodging
  3136 | Temple   | Entered the Ecumenical Temple
  3241 | Temple   | Became a worshipper of Makhleb the Destroyer
  3765 | D:5      | Entered Level 5 of the Dungeon
  3777 | D:5      | Reached skill level 5 in Armour
  3777 | D:5      | Reached XP level 6. HP: 55/55 MP: 5/5
  3810 | D:5      | Reached skill level 5 in Fighting
  3810 | D:5      | Reached skill level 1 in Invocations
  3931 | D:5      | HP: 1/56 [orc/+0 mace (4)]
  4230 | D:5      | Found a glowing golden altar of the Shining One.
  4271 | D:5      | Reached skill level 6 in Maces & Flails
  4302 | D:5      | Reached XP level 7. HP: 19/61 MP: 5/7
  4709 | D:5      | Reached skill level 7 in Maces & Flails
  4806 | D:6      | Reached * piety under Makhleb
  4889 | D:6      | Noticed Duvessa
  4889 | D:6      | Noticed Dowan
  4900 | D:6      | Killed Duvessa
  4901 | D:6      | Reached skill level 8 in Maces & Flails
  4901 | D:6      | Reached XP level 8. HP: 62/70 MP: 8/8
  4914 | D:6      | Killed Dowan
  5605 | D:7      | Reached skill level 9 in Maces & Flails
  5643 | D:7      | Found a white marble altar of Elyvilon.
  5962 | D:7      | Noticed Prince Ribbit
  5973 | D:7      | Killed Prince Ribbit
  6639 | D:7      | Reached XP level 9. HP: 78/78 MP: 10/10
  6665 | D:8      | Found a runed translucent gate.
  6668 | D:8      | Found a runed translucent gate.
  6670 | D:8      | Found a runed translucent gate.
  6671 | D:8      | Noticed Dittersdorf's ghost (novice GrFi)
  6671 | D:8      | Noticed a nine-headed hydra
  6809 | D:8      | Reached ** piety under Makhleb
  6812 | D:8      | Reached skill level 10 in Maces & Flails
  6929 | D:8      | Killed from afar by an electric eel

Illustrated notes

Levels and vault maps discovered:
D:1:      ncdulo_halloftheorcs, layout_loops_ring
D:2:      layout_basic, palyth_stone_intersect,
          nicolae_concentric_dashed_squares_mild
D:3:      layout_loops_cross, kennysheep_generic_room_5
D:4:      layout_layer_cave, amcnicky_altar_gilded, minmay_temple_entry_waves,
          serial_glass, glass_columns_c, glass_columns_c, glass_columns_c,
          glass_columns_a, glass_columns_a, glass_columns_b, glass_columns_a,
          glass_columns_a, minmay_small_thing
D:5:      layout_rooms, mainiacjoe_overflow_paths, minivault_27,
          kennysheep_generic_room_15
D:6:      dreamdust_elfheim, layout_loops_cross, minmay_misc_feat_five,
          uniq_duvessa
D:7:      layout_loops_corners, mainiacjoe_overflow_small_starburst,
          uniq_prince_ribbit1
D:8:      layout_cave_pools, gammafunk_ghost_hydra_chop, serial_bayou,
          serial_bayou_shore_b, serial_bayou_pond_b, serial_bayou_lake_a,
          serial_bayou_pond_c, kennysheep_kite_vault
Temple:   minmay_temple_bridge_d

Skill      XL: |  1  2  3  4  5  6  7  8  9 |
---------------+----------------------------+-----
Fighting       | 4 5 6 7 |  7.1
Maces & Flails | 3 4 5 6 8 9 10 | 10.1
Armour         | 4 5 6 7 |  7.0
Shields        | 4 |  4.7
Dodging        | 1 2 3 |  3.0
Invocations    | 1 2 3 |  3.5
Throwing       | |  0.6
Stealth        | |  0.7

Action                     |  1- 3 |  4- 6 |  7- 9 || total
---------------------------+-------+-------+-------++-------
  Melee: Flail             |    94 |    97 |   194 ||   385
         Headbutt          |    10 |    14 |    38 ||    62
  Throw: Dart              |     6 |    28 |     8 ||    42
    Use: Potion            |       |     1 |       ||     1
 Armour: Scale mail        |    45 |    52 |    76 ||   173
  Dodge: Dodged            |    48 |    41 |   100 ||   189
  Block: Buckler           |    29 |    13 |    56 ||    98

Table legend: (Time is in decaauts)
 A = Elapsed time spent in this place.
 B = Non-inter-level travel time spent in this place.
 C = Inter-level travel time spent in this place.
 D = Time resting spent in this place.
 E = Time spent auto-exploring this place.
 F = Levels seen in this place.
 G = Mean time per level.
                   A        B        C        D        E       F      G
               +--------+--------+--------+--------+--------+-----+--------+
         Total |   6996 |   6597 |    399 |    455 |   5022 |   9 |  777.3 |
       Dungeon |   6818 |   6512 |    306 |    455 |   4949 |   8 |  852.2 |
        Temple |    178 |     85 |     93 |      0 |     73 |   1 |  178.0 |
               +--------+--------+--------+--------+--------+-----+--------+

Top non-repeatable levels by time:
     D:4: 1848 daAuts
     D:7: 991 daAuts
     D:3: 938 daAuts
     D:5: 914 daAuts
     D:6: 772 daAuts
     D:1: 741 daAuts
     D:8: 339 daAuts
     D:2: 273 daAuts
  Temple: 178 daAuts
